 Dungeon Crawl Stone Soup version 0.30-a0-782-ge64f9170bb (webtiles) character file.

Game seed: 10364053715851531114

114761 senseless the Warrior (level 16, -10/159 HPs)
             Began as a Minotaur Fighter on Mar 16, 2023.
             Was the Champion of Okawaru.
             Killed from afar by Nikola (33 damage)
             ... with an arc of chain lightning
             ... on level 2 of the Spider Nest on Mar 17, 2023.
             The game lasted 01:08:04 (24302 turns).

senseless the Warrior (Minotaur Fighter)           Turns: 24302, Time: 01:08:05

Health: -10/159    AC: 32    Str: 28 (30) XL:     16   Next: 17%
Magic:  0/15       EV:  7    Int:  6 (7)  God:    Okawaru [******]
Gold:   2456       SH: 22    Dex: 10      Spells: 15/15 levels left

rFire   . . .      SeeInvis .    b - +8 broad axe of Disharmony {drain, rC+ Will+}
rCold   + . .      Faith    .    Z - +0 tower shield
rNeg    . . .      Spirit   +    K - +3 chain mail
rPois   +          Reflect  .    A - +1 hat
rElec   .          Harm     .    U - +2 cloak {rPois}
rCorr   .          Rampage  .    N - +1 pair of gloves {Str+3}
Will    +++..                    S - +2 pair of boots {Stlth+} Stlth
                                 j - amulet of guardian spirit
HPRegen 0.46/turn                r - +4 ring of protection
MPRegen 0.14/turn                v - ring of willpower

@: no status effects
A: horns 2, retaliatory headbutt, large bone plates 1
a: Renounce Religion, Heroism, Finesse, Duel


You were on level 2 of the Spider Nest.
You worshipped Okawaru.
Okawaru was exalted by your worship.
You visited 6 branches of the dungeon, and saw 26 of its levels.
You visited 1 bazaar.
You also visited: Ossuary and Ice Cave.

You collected 3225 gold pieces.
You spent 769 gold pieces at shops.

Inventory:

Hand Weapons
 a - the +10 sling "senseless's Death" {freeze, MP+9 Int+3}
   (You found it in an ice cave)

   Int:       It affects your intelligence (+3).
   MP:        It affects your magic capacity (+9).
 b - the +8 broad axe of Disharmony (weapon) {drain, rC+ Will+}
   (You acquired it on level 3 of the Dungeon)

   rC:        It protects you from cold.
   Will:      It increases your willpower.
 J - a +6 eveningstar
 M - a +4 broad axe of flaming
Armour
 m - a +2 pair of gloves
 A - a +1 hat (worn)
 C - a scarf of resistance
 K - a +3 chain mail (worn)
 N - a +1 pair of gloves of strength (worn)
 S - a +2 pair of boots of stealth (worn)
 U - a +2 cloak of poison resistance (worn)
 X - the +1 ice dragon scales of Least Resistance {-Cast rElec rF- rC++ Str+5}
   (You found it in an ice cave)

   Str:       It affects your strength (+5).
   rF:        It makes you vulnerable to fire.
   rC:        It greatly protects you from cold.
   rElec:     It insulates you from electricity.
   -Cast:     It prevents spellcasting.
 Z - a +0 tower shield (worn)
Jewellery
 c - a ring of protection from fire
 j - an amulet of guardian spirit (around neck)
 r - a +4 ring of protection (left hand)
 v - a ring of willpower (right hand)
 L - a +6 ring of dexterity
 O - a +6 ring of dexterity
Wands
 o - a wand of digging (14)
 u - a wand of iceblast (15)
 x - a wand of polymorph (9)
 y - a wand of acid (6)
 z - a wand of mindburst (31)
 G - a wand of flame (65)
Scrolls
 f - 8 scrolls of blinking
 g - a scroll of poison
 i - a scroll of magic mapping
 k - 9 scrolls of identify
 n - a scroll of brand weapon
 B - 7 scrolls of enchant weapon
 D - a scroll of amnesia
 F - 10 scrolls of teleportation
 H - a scroll of fog
 I - 2 scrolls of butterflies
 V - a scroll of fear
Potions
 d - 4 potions of might
 e - 8 potions of flight
 h - 8 potions of attraction
 l - 2 potions of invisibility
 p - 4 potions of haste
 q - 9 potions of lignification
 s - 5 potions of curing
 t - a potion of heal wounds
 w - 5 potions of ambrosia
 E - 3 potions of berserk rage
 P - 3 potions of brilliance
 Q - 2 potions of cancellation
 R - a potion of resistance
 T - a potion of magic


   Skills:
 * Level 18.5 Fighting
 - Level 18.0 Axes
 + Level 8.7 Ranged Weapons
 + Level 16.2 Armour
 + Level 16.2 Shields


You had 15 spell levels left.
You didn't know any spells.
Your spell library contained the following spells:

 Spells                   Type           Power      Damage    Failure   Level
 Freeze                   Ice            0%         1d3       99%         1
 Magic Dart               Conj           0%         1d3       99%         1
 Cigotuvi's Dreadful Rot  Necr/Pois/Air  0%         N/A       100%        2
 Poisonous Vapours        Pois/Air       0%         N/A       100%        2
 Searing Ray              Conj           0%         2d4       100%        2
 Frozen Ramparts          Ice            0%         1d1       100%        3
 Hailstorm                Conj/Ice       0%         3d3       100%        3
 Ignite Poison            Fire/Tmut/Pois 0%         N/A       100%        3
 Inner Flame              Hex/Fire       0%         N/A       100%        3
 Mephitic Cloud           Conj/Pois/Air  0%         N/A       100%        3
 Portal Projectile        Hex/Tloc       0%         N/A       100%        3
 Stone Arrow              Conj/Erth      0%         3d7       100%        3
 Flame Wave               Conj/Fire      0%         2d4       100%        4
 Fulminant Prism          Conj/Hex       0%         3d5       100%        4
 Ice Form                 Ice/Tmut       0%         N/A       100%        4
 Leda's Liquefaction      Hex/Erth       0%         N/A       100%        4
 Sticky Flame             Conj/Fire      0%         2d3       100%        4
 Alistair's Intoxication  Tmut/Pois      0%         N/A       100%        5
 Blade Hands              Tmut           0%         N/A       100%        5
 Borgnjor's Vile Clutch   Necr/Erth      0%         N/A       100%        5
 Eringya's Noxious Bog    Tmut/Pois      0%         N/A       100%        6
 Iron Shot                Conj/Erth      0%         9d1       100%        6
 Orb of Destruction       Conj           0%         9d5       100%        7
 Ignition                 Fire           0%         3d3       100%        8
 Lehudib's Crystal Spear  Conj/Erth      0%         10d2      100%        8
 Chain Lightning          Conj/Air       0%         N/A       100%        9
 Fire Storm               Conj/Fire      0%         5d1       100%        9
 Shatter                  Erth           0%         3d5*      100%        9
 Call Imp                 Summ           Unusable   N/A       N/A         2
 Call Canine Familiar     Summ           Unusable   N/A       N/A         3
 Summon Guardian Golem    Hex/Summ       Unusable   N/A       N/A         3
 Animate Armour           Summ/Erth      Unusable   N/A       N/A         4
 Summon Ice Beast         Ice/Summ       Unusable   N/A       N/A         4
 Spellforged Servitor     Conj/Summ      Unusable   N/A       N/A         7

Dungeon Overview and Level Annotations

Branches:
Dungeon (15/15)            Temple (1/1) D:6            Lair (5/5) D:10
  Swamp (0/4) Lair:3       Spider (2/4) Lair:3        Slime (0/5) Lair:4
    Orc (2/2) D:11            Elf (1/3) Orc:2        Vaults (0/5) D:13
 Depths (0/4) D:15        Ossuary (visited)           IceCv (visited)

Altars:
Ashenzari
Cheibriados
Dithmenos
Elyvilon
Fedhas
Gozag
Hepliaklqana
Kikubaaqudgha
Makhleb
Nemelex Xobeh
Okawaru
Qazlal
Ru
Sif Muna
Trog
Uskayaw
Vehumet
Wu Jian
Xom
Yredelemnul
Zin
The Shining One
Jiyva

Shops:
D:5 :   D:7 !   Orc:2 *?=*

Portals:
Abyss: Lair:1
Trove: D:11 (give +5 ice dragon scales)

Annotations:
D:13 2 runed translucent doors
Lair:4 1 runed translucent door
Spider:2 Nikola


Innate Abilities, Weirdness & Mutations

You have a pair of horns on your head.
You reflexively headbutt those who attack you in melee.
You are partially covered in large bone plates. (SH +4)


Message History

Nikola hits you with a +2 rapier of electrocution.
* * * LOW HITPOINT WARNING * * *
You slash Nikola! You drain Nikola. You headbutt Nikola, but do no damage.
Nikola is heavily wounded.
You slash Nikola! You drain Nikola.
Nikola is heavily wounded.
You block Nikola's attack.
You hit Nikola. You headbutt Nikola!
Nikola is severely wounded.
Nikola gestures wildly while chanting.
Lightning arcs from Nikola's hands!
The bolt of lightning hits the broodmother!!!!
The bolt of lightning hits Nikola!
The bolt of lightning hits you!!
* * * LOW HITPOINT WARNING * * *
The bolt of lightning hits the jumping spider!!!
The jumping spider dies!
The bolt of lightning hits the orb spider!!!
You hear a chilling moan.
You barely miss Nikola. Your headbutt misses Nikola.
Nikola is severely wounded.
You slice the broodmother!! You drain the broodmother!
Nikola hits you with a +2 rapier of electrocution.
* * * LOW HITPOINT WARNING * * *
You block the broodmother's attack.
You slice Nikola!! You drain Nikola!
Nikola is almost dead.
You completely miss the broodmother.
The broodmother summons spiders!
Nikola mumbles some strange words.
Lightning arcs from Nikola's hands!
The bolt of lightning hits the redback!!!
The redback dies!
The redback's corpse disappears in a puff of smoke!
A bolt of lightning appears from out of thin air!
The bolt of lightning hits Nikola!
The bolt of lightning hits the wolf spider!!
The bolt of lightning hits the broodmother!!
The broodmother dies!
The wolf spider disappears in a puff of smoke!
The bolt of lightning hits you!!!
You die...

##.........#### ##.....
#........#...###......
#.###.....#.##.....^...
.# ###.....#######....
###..^# #...# ##...^#
...## ###§.s..# .###
#..@§##.# # ###@†....#
#.#..##...... ##..###
..##.. ##...# ...
#....# .... #.........#
>... ...........# ....
.............
.....##......#


You could see Nikola (empowered, drained) and an orb spider.

Vanquished Creatures
  Gastronok (Lair:2)
  An azure jelly (IceCv)
  2 emperor scorpions (Spider:1)
  Aizul (Spider:1)
  A ghost moth (Spider:1)
  2 quicksilver oozes (IceCv)
  The ghost of Vutiel the Brawler, a journeyman DrNe of Hepliaklqana (Lair:1)
  2 entropy weavers (Spider:1)
  A great orb of eyes (Lair:1)
  Fannar (D:11)
  3 hydras
  4 centaur warriors
  5 catoblepae
  4 vault guards (D:13)
  2 radroaches (Spider:1)
  5 boulder beetles
  4 two-headed ogres
  2 tengu warriors (D:14)
  16 death yaks
  Urug (Lair:2)
  An orc high priest (Orc:2)
  Sonja (Orc:1)
  A skyshark (Lair:3)
  2 bog bodies (Lair:3)
  Lodul (D:14)
  An orb spider (Spider:1)
  A deep elf pyromancer (D:13)
  2 steelbarb worms (Spider:1)
  5 orc sorcerers (Orc:2)
  3 ugly things
  A necromancer (D:15)
  An oklob plant (Lair:5)
  3 wolf spiders
  3 cyclopes
  6 manticores
  14 elephants
  A moth of wrath (Spider:1)
  2 ice statues (IceCv)
  3 torpor snails
  2 unseen horrors
  A demonic crawler (Spider:1)
  A gargoyle (D:8)
  7 black mambas
  7 cane toads
  3 kobold demonologists (D:12)
  4 rime drakes
  An efreet (D:13)
  6 komodo dragons
  An ancient zyme (Lair:1)
  A guardian mummy (D:15)
  2 tengu conjurers (D:13)
  3 polar bears
  A hellwing (Lair:1)
  6 trolls
  10 tarantellas
  A polar bear (shapeshifter) (D:14)
  Grinder (D:6)
  17 blink frogs
  A raiju (Lair:1)
  3 dream sheep (Lair:5)
  2 water elementals (D:13)
  12 jumping spiders
  A vampire (D:14)
  11 culicivoras
  18 slime creatures
  3 shadows
  4 fire bats (D:8)
  4 wraiths
  A spriggan (Lair:1)
  5 wyverns
  A golden eye (shapeshifter) (Lair:1)
  4 basilisks
  89 yaks
  35 redbacks
  Menkaure (D:7)
  10 vampire mosquitoes
  2 wargs
  2 acid dragons
  Edmund (D:5)
  Duvessa (D:5)
  A hell hound (D:8)
  12 water moccasins
  15 orc warriors
  2 great orb of eyes simulacra (IceCv)
  An ice beast (D:10)
  2 black bears
  13 ogres
  7 wolves
  10 centaurs
  A slime creature simulacrum (IceCv)
  Blork the orc (D:5)
  4 kobold brigands
  7 bullfrogs
  2 gnoll sergeants
  3 necrophages
  3 scorpions
  4 glowing shapeshifter simulacra (IceCv)
  Dowan (D:5)
  10 killer bees
  3 electric eels (D:13)
  2 howler monkeys
  3 centaur zombies (Ossuary)
  3 lava snakes (D:8)
  A human zombie (Ossuary)
  A gnoll bouda (D:6)
  2 jellies
  31 orc priests
  4 hounds
  An iron imp (D:10)
  3 iguanas
  Natasha (thrice) (D:2)
  34 orc wizards
  2 shapeshifter simulacra (IceCv)
  2 mummies (Ossuary)
  11 gnolls
  5 adders
  A shadow imp (D:6)
  4 white imps
  4 ufetubi
  A worm (D:3)
  6 dart slugs
  60 orcs
  2 bats (D:3)
  3 endoplasms
  3 giant cockroaches
  8 hobgoblins
  5 quokkas
  9 ball pythons
  2 frilled lizards (D:1)
  4 goblins
  4 goblin zombies (Ossuary)
  6 hobgoblin zombies (Ossuary)
  A jackal zombie (Ossuary)
  14 kobolds
  11 kobold zombies (Ossuary)
  10 orc zombies (Ossuary)
  4 rats
  A rat zombie (Ossuary)
  A butterfly (Lair:4)
  2 fire vortices (D:8)
773 creatures vanquished.

Vanquished Creatures (others)
  A broodmother (Spider:2)
  A jumping spider (Spider:2)
  An orc wizard (Orc:2)
  A fire vortex (D:8)
  30 fungi
  41 plants
  2 withered plants (D:15)
77 creatures vanquished.

Grand Total: 850 creatures vanquished

Notes
Turn   | Place    | Note
-------+----------+-------------------------------------------
     0 | D:1      | senseless the Minotaur Fighter began the quest for the Orb.
     0 | D:1      | Reached XP level 1. HP: 19/19 MP: 0/0
   421 | D:1      | Reached XP level 2. HP: 22/27 MP: 1/1
   944 | D:2      | Reached XP level 3. HP: 33/33 MP: 2/2
   999 | D:2      | Noticed Natasha
  1005 | D:2      | Killed Natasha
  1110 | D:2      | Noticed Natasha
  1124 | D:2      | Killed Natasha
  1125 | D:2      | Reached XP level 4. HP: 17/40 MP: 0/3
  1329 | D:2      | Noticed Natasha
  1336 | D:2      | Killed Natasha
  1610 | D:3      | Reached XP level 5. HP: 47/47 MP: 4/4
  2437 | D:3      | Identified a scroll of acquirement
  2437 | D:3      | Acquired the +8 broad axe of Disharmony {drain, rC+ Will+}
  2590 | D:4      | Reached skill level 5 in Axes
  2590 | D:4      | Reached XP level 6. HP: 37/55 MP: 5/5
  2604 | D:4      | Reached skill level 5 in Armour
  2634 | D:4      | Reached skill level 5 in Fighting
  2703 | D:4      | Found a sand-covered staircase.
  2710 | Ossuary  | Entered an ossuary
  2721 | Ossuary  | Reached skill level 5 in Shields
  3011 | D:4      | Reached XP level 7. HP: 58/61 MP: 6/6
  3217 | D:4      | Found a large runed translucent door.
  3218 | D:4      | Found a large runed translucent door.
  3270 | D:4      | Found a hazy altar of Hepliaklqana.
  3748 | D:4      | Found a white marble altar of Elyvilon.
  3754 | D:4      | Found a sparkling altar of Nemelex Xobeh.
  3794 | D:5      | Entered Level 5 of the Dungeon
  3855 | D:5      | Noticed Edmund
  3863 | D:5      | Killed Edmund
  3864 | D:5      | Reached XP level 8. HP: 38/70 MP: 3/7
  4029 | D:5      | Noticed Dowan
  4029 | D:5      | Noticed Duvessa
  4033 | D:5      | Killed Dowan
  4038 | D:5      | Killed Duvessa
  4173 | D:5      | Noticed Blork the orc
  4178 | D:5      | Killed Blork the orc
  4589 | D:5      | Found Reahybop's Book Emporium.
  4919 | D:6      | Found a staircase to the Ecumenical Temple.
  4923 | D:6      | Noticed Grinder
  4936 | D:6      | Killed Grinder
  4940 | Temple   | Entered the Ecumenical Temple
  5149 | Temple   | Became a worshipper of the Shining One
  5150 | Temple   | Fell from the grace of the Shining One
  5254 | D:6      | Reached XP level 9. HP: 79/79 MP: 6/8
  5288 | D:6      | Found a radiant altar of Vehumet.
  5340 | D:6      | Found a shimmering blue altar of Sif Muna.
  5709 | D:7      | Noticed Menkaure
  5717 | D:7      | Killed Menkaure
  5837 | D:7      | Found Ihac's Distillery.
  5846 | D:7      | Bought a potion of might for 44 gold pieces
  5846 | D:7      | Bought a potion of degeneration for 11 gold pieces
  5992 | D:7      | Identified the +5 robe of Pinys {Dex+2 Stlth+}
  6043 | D:7      | Found a stormy altar of Qazlal.
  6614 | D:8      | Reached skill level 10 in Axes
  6768 | D:8      | Noticed a gargoyle
  6776 | D:8      | Killed a gargoyle
  6990 | D:8      | Found a blossoming altar of Fedhas.
  7321 | D:8      | Reached XP level 10. HP: 82/90 MP: 6/9
  7721 | D:9      | Found an iron altar of Okawaru.
  8039 | D:9      | Became a worshipper of Warmaster Okawaru
  8069 | D:10     | Entered Level 10 of the Dungeon
  8069 | D:10     | Noticed a two-headed ogre
  8074 | D:10     | Killed a two-headed ogre
  8074 | D:10     | Reached * piety under Okawaru
  8160 | D:10     | Reached ** piety under Okawaru
  8390 | D:10     | Reached XP level 11. HP: 71/99 MP: 7/10
  8393 | D:10     | Reached skill level 10 in Fighting
  8484 | D:10     | Reached skill level 10 in Armour
  8537 | D:10     | Reached skill level 10 in Shields
  8652 | D:10     | Found a broken altar of Ashenzari.
  8691 | D:10     | Reached *** piety under Okawaru
  8745 | D:10     | Identified the +4 dagger of Dedorooj {venom, rC- rCorr
                  | Dex+3}
  8963 | D:10     | Found a glowing silver altar of Zin.
  8968 | D:10     | Found a staircase to the Lair.
  9303 | D:10     | Found a snail-covered altar of Cheibriados.
  9557 | D:11     | Reached **** piety under Okawaru
  9619 | D:11     | Noticed Fannar
  9634 | D:11     | Killed Fannar
  9797 | D:11     | Found a staircase to the Orcish Mines.
  9838 | D:11     | Found a portal to a secret trove of treasure.
  9921 | D:11     | Found a flickering gateway to a bazaar.
  9927 | Bazaar   | Entered a bazaar
  9948 | Bazaar   | Found Puxta's Assorted Antiques.
  9948 | Bazaar   | Found Poacsy Cekho's Assorted Antiques.
  9970 | Bazaar   | Found Lidgheul's Book Emporium.
  9986 | Bazaar   | Found Fuiqaras's Assorted Antiques.
 10002 | Bazaar   | Found Osmojeat's Armour Emporium.
 10002 | Bazaar   | Found Muliam's Antique Armour Shoppe.
 10049 | Bazaar   | Bought a runed cloak for 202 gold pieces
 10055 | Bazaar   | Bought a +1 pair of boots of stealth for 264 gold pieces
 10089 | Bazaar   | Bought a bubbling grey potion for 23 gold pieces
 10131 | Bazaar   | Bought an embroidered cloak for 225 gold pieces
 10633 | D:12     | Noticed a two-headed ogre
 10633 | D:12     | Noticed a two-headed ogre
 10640 | D:12     | Killed a two-headed ogre
 10642 | D:12     | Killed a two-headed ogre
 10949 | D:12     | Reached ***** piety under Okawaru
 10952 | D:12     | Noticed a soul eater
 10956 | D:12     | Found a bloodstained altar of Trog.
 11038 | D:12     | Reached XP level 12. HP: 99/110 MP: 9/11
 11162 | D:12     | Noticed a two-headed ogre
 11168 | D:12     | Killed a two-headed ogre
 11216 | D:12     | Received a gift from Okawaru
 11217 | D:12     | Reached skill level 15 in Axes
 11483 | D:13     | Found a gate to the Vaults.
 11483 | D:13     | Noticed a vault guard
 11483 | D:13     | Noticed a vault guard
 11483 | D:13     | Noticed a vault guard
 11483 | D:13     | Noticed a centaur warrior
 11483 | D:13     | Noticed a vault guard
 11483 | D:13     | Noticed a centaur warrior
 11497 | D:13     | Killed a vault guard
 11513 | D:13     | Killed a vault guard
 11525 | D:13     | Killed a vault guard
 11528 | D:13     | Killed a vault guard
 11542 | D:13     | Killed a centaur warrior
 11546 | D:13     | Killed a centaur warrior
 11711 | D:13     | Noticed a boulder beetle
 11717 | D:13     | Killed a boulder beetle
 11918 | D:13     | Noticed a centaur warrior
 11926 | D:13     | Killed a centaur warrior
 12070 | D:13     | Noticed a boulder beetle
 12102 | D:13     | Killed a boulder beetle
 12344 | D:13     | Identified the +4 ring mail "Tezitasch" {rC++ rCorr Str+2
                  | Dex-4} (Okawaru gifted it to you on level 13 of the
                  | Dungeon)
 12344 | D:13     | Received a gift from Okawaru
 12705 | D:13     | Found a runed translucent door.
 12889 | D:13     | Found a runed translucent door.
 12942 | D:13     | Noticed a rakshasa
 13023 | D:13     | Noticed a seven-headed hydra
 13057 | D:14     | Reached ****** piety under Okawaru
 13101 | D:14     | Reached XP level 13. HP: 119/119 MP: 12/12
 13379 | D:14     | Got the Parchment of the Coals
 13399 | D:14     | Noticed Lodul
 13412 | D:14     | Killed Lodul
 13896 | D:14     | Found a shimmering altar of Xom.
 13897 | D:14     | Found a shimmering altar of Xom.
 13897 | D:14     | Found a shimmering altar of Xom.
 13899 | D:14     | Found a shimmering altar of Xom.
 13979 | D:15     | Entered Level 15 of the Dungeon
 13979 | D:15     | Found a staircase to the Depths.
 13981 | D:15     | Received a gift from Okawaru
 14319 | Orc:1    | Entered Level 1 of the Orcish Mines
 14393 | Orc:1    | Found a frozen archway.
 14420 | IceCv    | Entered an ice cave
 14524 | IceCv    | Noticed a quicksilver ooze
 14528 | IceCv    | Killed a quicksilver ooze
 14864 | IceCv    | Noticed a quicksilver ooze
 14866 | IceCv    | Found a viscous altar of Jiyva.
 14866 | IceCv    | Noticed an azure jelly
 14869 | IceCv    | Killed a quicksilver ooze
 14875 | IceCv    | Killed an azure jelly
 14875 | IceCv    | Received a gift from Okawaru
 15004 | IceCv    | Identified the +1 ice dragon scales of Least Resistance
                  | {-Cast rElec rF- rC++ Str+5}
 15007 | IceCv    | Got the +10 sling "senseless's Death" {freeze, MP+9 Int+3}
 15407 | Orc:1    | Noticed Sonja
 15415 | Orc:1    | Killed Sonja
 15922 | Orc:2    | Entered Level 2 of the Orcish Mines
 15980 | Orc:2    | Reached skill level 1 in Ranged Weapons
 16024 | Orc:2    | Found a staircase to the Elven Halls.
 16285 | Orc:2    | Reached XP level 14. HP: 99/132 MP: 11/13
 16304 | Orc:2    | Found Vaacothru's Jewellery Shop.
 16304 | Orc:2    | Found Puewathi's General Store.
 16304 | Orc:2    | Found Zeasaple's Magic Scroll Boutique.
 16398 | Orc:2    | Found Edif's Assorted Antiques.
 16932 | Elf:1    | Entered Level 1 of the Elven Halls
 17056 | Lair:1   | Entered Level 1 of the Lair of Beasts
 17513 | Lair:1   | Found a transporter.
 17513 | Lair:1   | Noticed Vutiel's ghost (journeyman DrNe)
 17518 | Lair:1   | Found a transporter.
 17522 | Lair:1   | Found a one-way gate to the infinite horrors of the Abyss.
 18239 | Lair:1   | Killed Vutiel's ghost
 18588 | Lair:1   | Gained mutation: You do not regenerate when monsters are
                  | visible. [potion of mutation]
 18588 | Lair:1   | Gained mutation: You are partially covered in iridescent
                  | scales. (AC +2) [potion of mutation]
 18589 | Lair:1   | Lost mutation: You do not regenerate when monsters are
                  | visible. [potion of mutation]
 18589 | Lair:1   | Lost mutation: You are partially covered in iridescent
                  | scales. (AC +2) [potion of mutation]
 18589 | Lair:1   | Gained mutation: You are dopey. (Int -2) [potion of
                  | mutation]
 18589 | Lair:1   | Gained mutation: Your system is resistant to poisons.
                  | (rPois) [potion of mutation]
 18662 | Lair:2   | Found a hazy altar of Hepliaklqana.
 18684 | Lair:2   | Reached skill level 15 in Fighting
 18793 | Lair:2   | Noticed Gastronok
 18806 | Lair:2   | Killed Gastronok
 19167 | Lair:2   | Noticed Urug
 19174 | Lair:2   | Killed Urug
 19421 | Lair:3   | Received a gift from Okawaru
 19457 | Lair:3   | Reached skill level 5 in Ranged Weapons
 19572 | Lair:3   | Found a hole to the Spider Nest.
 20070 | Lair:3   | Found a staircase to the Swamp.
 20276 | Lair:4   | Received a gift from Okawaru
 20283 | Lair:4   | Reached XP level 15. HP: 115/144 MP: 11/14
 20522 | Lair:4   | Lost mutation: Your system is resistant to poisons. (rPois)
                  | [potion of mutation]
 20522 | Lair:4   | Lost mutation: You are dopey. (Int -2) [potion of mutation]
 20522 | Lair:4   | Gained mutation: You are partially covered in large bone
                  | plates. (SH +4) [potion of mutation]
 20585 | Lair:4   | Reached skill level 15 in Armour
 20592 | Lair:4   | Identified the +0 robe of Mental Paralysis {+Inv rPois
                  | Stlth+}
 20611 | Lair:4   | Reached skill level 15 in Shields
 20880 | Lair:4   | Found a runed translucent door.
 20882 | Lair:4   | Found a viscous altar of Jiyva.
 20884 | Lair:4   | Found a staircase to the Slime Pits.
 21172 | Lair:5   | Entered Level 5 of the Lair of Beasts
 21669 | Lair:5   | Received a gift from Okawaru
 22561 | Spider:1 | Entered Level 1 of the Spider Nest
 22733 | Spider:1 | Noticed an emperor scorpion
 22754 | Spider:1 | Killed an emperor scorpion
 23240 | Spider:1 | Reached XP level 16. HP: 133/157 MP: 12/15
 23453 | Spider:1 | Noticed Aizul
 23472 | Spider:1 | Killed Aizul
 24290 | Spider:2 | Noticed Nikola
 24302 | Spider:2 | Killed from afar by Nikola

Illustrated notes

Levels and vault maps discovered:
D:1:      evilmike_arrival_hilbert_curve, layout_basic, kennysheep_nondescript
D:2:      layout_basic, uniq_natasha
D:3:      minmay_recursive_quarters, layout_basic
D:4:      nicolae_cairo_tiling_large, layout_basic, old_standard_altar,
          jmf_multi_god_temple2, nicolae_ossuary_entry_monument,
          serial_co_window_serial, co_window_corner_a, co_window_paths_b,
          co_window_of_opportunity_a, co_window_of_opportunity_a,
          co_window_of_opportunity_a, co_window_unsneaky_path_c,
          co_window_corner_ca, co_window_corner_b, co_window_corner_b,
          co_window_4corner_a, glass_columns_a, glass_columns_a,
          glass_columns_b, glass_columns_a, glass_columns_a
D:5:      layout_loops_corners, serial_shops, nicolae_stop_n_shop_2,
          uniq_blork_the_orc, uniq_duvessa, uniq_edmund
D:6:      layout_loops_ring, kennysheep_mini, mainiacjoe_overflow_brackets,
          minmay_temple_entry_glass, st_stairs_13, uniq_grinder
D:7:      layout_basic, nicolae_qazlal_general_emergency, serial_shops, shop,
          uniq_menkaure
D:8:      kennysheep_big_flooded_room, layout_loops_cross,
          fedhas_ov_isle_minmay, hangedman_incinerator
D:9:      layout_roguey, okawaru_trees_1
D:10:     layout_stronghold, slow_altar_2, zin_treasury,
          mainiacjoe_overflow_surrounded_room, lair_entry_dummy, serial_ice,
          serial_ice_n, serial_ice_e, serial_ice_o, serial_ice_g,
          corexii_corridor_pit, grunt_ministairs_7, minmay_misc_feat_encased,
          nicolae_concentric_dashed_squares_wild
D:11:     layout_roguey, orc_0_dummy, serial_shops, bzr_entry_road,
          enter_trove_6, item_on_display_a, uniq_fannar
D:12:     layout_loops_ring, trog_antimagical
D:13:     cheibrodos_histonic, layout_basic, lightli_vaults_fourway_checkpoint,
          blue_anna_alchemist
D:14:     layout_gridville, xom_redecorated, uniq_lodul
D:15:     gammafunk_depths_entry_grave, layout_gridville, hex_medium,
          nicolae_elemental_shop, hangedman_abyss_or_decor_stabs, uniq_azrael,
          uniq_agnes, uniq_roxanne
Temple:   minmay_temple_curvy_loop
Lair:1:   layout_concentric_octagons, gammafunk_ghost_abyssal_escape,
          nicolae_quartered_pool_impasse
Lair:2:   hellmonk_ruined_rings, layout_loops_ring, basic_altar, uniq_gastronok,
          uniq_urug
Lair:3:   layout_long_grid, skrybe_swamp_entry_bodies,
          nicolae_spider_entry_tight_spaces, grunt_megastairs_1
Lair:4:   layout_loops_ring, slime_entry_2, lemuel_fruit_fields
Lair:5:   evilmike_catoblepas_cave, layout_small_grid
Spider:1: layout_spider_delve, drop_trap, uniq_aizul
Spider:2: layout_chambers, nicolae_spider_jagged_tunnels, uniq_nikola
Orc:1:    layout_diamond_mine, portal_ice_cave_rime, basic_altar, uniq_sonja
Orc:2:    st_orc_mages, layout_diamond_mine
Elf:1:    eino_elf_arrival_altar, layout_geoelf_diagonals, serial_shops,
          nicolae_shop_behind_doors, minmay_elf_necromancy, uniq_asterion

Skill      XL: |  1  2  3  4  5  6  7  8  9 10 11 12 13 14 15 |
---------------+----------------------------------------------+-----
Axes           | 3 4 5 6 7 9 11 13 14 16 18 | 18.0
Fighting       | 4 5 6 7 8 9 11 12 14 16 18 | 18.5
Armour         | 4 5 6 7 8 9 11 12 13 14 16 | 16.2
Shields        | 4 5 6 7 8 9 11 12 13 14 16 | 16.2
Ranged Weapons | 2 6 8 |  8.7

Action                     |  1- 3 |  4- 6 |  7- 9 | 10-12 | 13-15 | 16-18 || total
---------------------------+-------+-------+-------+-------+-------+-------++-------
  Melee: War axe           |    52 |    54 |       |       |       |       ||   106
         Headbutt          |     9 |    11 |    23 |    58 |   203 |    26 ||   330
         Broad axe         |       |    70 |   185 |   348 |   921 |    80 ||  1604
   Fire: Sling             |       |       |       |       |    76 |       ||    76
 Invoke: Renounce Religion |       |       |     1 |       |       |       ||     1
         Heroism           |       |       |       |     1 |       |       ||     1
    Use: Scroll            |       |    16 |     5 |     7 |     1 |     1 ||    30
         Potion            |       |       |       |     1 |     7 |       ||     8
 Armour: Scale mail        |    25 |    26 |       |       |       |       ||    51
         Chain mail        |       |    33 |     8 |       |   390 |    88 ||   519
         Plate armour      |       |       |   104 |   255 |   114 |       ||   473
  Dodge: Dodged            |    21 |    39 |    57 |    85 |   157 |    23 ||   382
  Block: Buckler           |    12 |    18 |    40 |    74 |       |       ||   144
         Tower shield      |       |       |       |    65 |   803 |   100 ||   968

Table legend: (Time is in decaauts)
 A = Elapsed time spent in this place.
 B = Non-inter-level travel time spent in this place.
 C = Inter-level travel time spent in this place.
 D = Time resting spent in this place.
 E = Time spent auto-exploring this place.
 F = Levels seen in this place.
 G = Mean time per level.
                   A        B        C        D        E       F      G
               +--------+--------+--------+--------+--------+-----+--------+
         Total |  24347 |  23092 |   1255 |   1348 |  17577 |  29 |  839.6 |
       Dungeon |  13755 |  13090 |    665 |    530 |  10488 |  15 |  917.0 |
        Temple |    239 |    202 |     37 |      0 |    194 |   1 |  239.0 |
          Lair |   5487 |   5231 |    256 |    270 |   4014 |   5 | 1097.4 |
   Spider Nest |   1726 |   1643 |     83 |    546 |    744 |   2 |  863.0 |
  Orcish Mines |   1988 |   1776 |    212 |      0 |   1486 |   2 |  994.0 |
   Elven Halls |      1 |      1 |      0 |      0 |      0 |   1 |    1.0 |
        Bazaar |    262 |    262 |      0 |      0 |    102 |   1 |  262.0 |
       Ossuary |    203 |    203 |      0 |      0 |     86 |   1 |  203.0 |
      Ice Cave |    681 |    681 |      0 |      0 |    463 |   1 |  681.0 |
               +--------+--------+--------+--------+--------+-----+--------+

Top non-repeatable levels by time:
    D:13: 1629 daAuts
  Lair:1: 1526 daAuts
Spider:1: 1481 daAuts
  Lair:5: 1337 daAuts
    D:10: 1258 daAuts
    D:14: 1175 daAuts
     D:4: 1163 daAuts
     D:5: 1113 daAuts
     D:8: 1080 daAuts
  Lair:3: 1042 daAuts
   Orc:2: 1039 daAuts
     D:3: 965 daAuts
   Orc:1: 948 daAuts
    D:11: 943 daAuts
  Lair:4: 901 daAuts
